 Dungeon Crawl Stone Soup version 0.28-a0-691-gad6df49e81 (webtiles) character file.

Game seed: 13435554505516825778

670 grumblor the Chopper (level 7, -12/64 HPs)
             Began as a Deep Dwarf Berserker on Oct 23, 2021.
             Was a Priest of Trog.
             Killed from afar by a raiju (20 damage)
             ... with a living lightning
             ... on level 1 of the Abyss.
             The game lasted 00:10:38 (3954 turns).

grumblor the Chopper (Deep Dwarf Berserker)         Turns: 3954, Time: 00:10:40

Health: -12/64     AC: 13    Str: 22    XL:     7   Next: 32%
Magic:  6/6        EV:  9    Int:  8    God:    Trog [***...]
Gold:   111        SH:  0    Dex: 12    Spells: 6/6 levels left

rFire   . . .      SeeInvis .   a - +0 hand axe
rCold   . . .      Faith    .   (no shield)
rNeg    . . .      Spirit   .   p - +0 chain mail
rPois   .          Reflect  .   b - +2 hat
rElec   .          Harm     .   k - +1 cloak
rCorr   .          Rampage  .   (no gloves)
Will    +++..                   (no boots)
Stlth   ..........              m - amulet of the acrobat
HPRegen 1.00/turn               (no ring)
MPRegen 0.10/turn               (no ring)

@: strong-willed, on berserk cooldown, regenerating, slowed, very slow
A: damage resistance, heal wounds, sense surroundings 1, no regeneration
a: Heal Wounds, Renounce Religion, Berserk, Trog's Hand


You were on level 1 of the Abyss.
You worshipped Trog.
Trog was most pleased with you.
You visited 1 branch of the dungeon, and saw 4 of its levels.
You visited the Abyss 1 time.

You collected 111 gold pieces.

Inventory:

Hand Weapons
 a - a +0 hand axe (weapon)
 g - a +3 whip of draining
Missiles
 c - 13 poisoned darts (quivered)
Armour
 b - a +2 hat (worn)
 k - a +1 cloak (worn)
 p - a +0 chain mail (worn)
Jewellery
 m - an amulet of the acrobat (around neck)
Wands
 n - a wand of mindburst (7)
Scrolls
 j - 2 scrolls of teleportation
Potions
 d - 2 potions of lignification
 e - a potion of invisibility
 f - a potion of curing
 h - 2 potions of mutation {unknown}
 i - 2 potions of brilliance {unknown}
 l - 2 potions of heal wounds {unknown}


   Skills:
 * Level 4.2 Fighting
 + Level 6.7 Axes
 * Level 0.4 Throwing
 + Level 4.0 Armour
 + Level 3.3 Dodging
 * Level 3.0 Evocations


You had 6 spell levels left.
You didn't know any spells.
Your spell library was empty.

Dungeon Overview and Level Annotations

Branches:
Dungeon (4/15)             Temple (0/1) D:4

Altars:
Makhleb
Okawaru
Qazlal
Sif Muna
Wu Jian
The Shining One

Annotations:
D:4 Crazy Yiuf


Innate Abilities, Weirdness & Mutations

You are resistant to damage.
You can heal yourself by infusing magical energy.
You passively map a small area around you.
You do not regenerate.


Message History

The starcursed mass shudders and is absorbed by its neighbour.
The raiju bursts into living lightning!
The living lightning hits you!!
* * * LOW HITPOINT WARNING * * *
The raiju blinks!
You closely miss the raiju.
The raiju is moderately wounded.
The raiju barely misses you.
The starcursed mass shrieks in your mind.
* * * LOW HITPOINT WARNING * * *
Unknown command.
You closely miss the raiju.
The raiju is moderately wounded.
You are no longer berserk.
You are exhausted.
You feel yourself slow down. The raiju barely misses you.
Unknown command.
You hit the raiju.
The raiju is heavily wounded.
A starcursed mass splits.
A chorus of shrieks assaults your mind.
* * * LOW HITPOINT WARNING * * *
The raiju closely misses you.
A starcursed mass splits.
The raiju bursts into living lightning!
The living lightning hits you but does no damage.
The raiju blinks!
Your magical essence is drained by the effort!
You feel much better.
The raiju bursts into living lightning!
The living lightning hits you.
The raiju blinks!
A starcursed mass splits.
The raiju bites you. The raiju shocks you!
* * * LOW HITPOINT WARNING * * *
The starcursed mass touches you!
* * * LOW HITPOINT WARNING * * *
The starcursed mass completely misses you.
The raiju bites you but does no damage.
The raiju bursts into living lightning!
The living lightning hits the raiju.
The raiju completely resists.
The living lightning hits you!!
You die...

.. # .# #. .#
...# .#. .#.# .
.#.#. . .#...#
. ... . ....
..#. #.. #. .
.#..# #....# #
. # .
#.###ยง.#h#X...
.. ... #.
.##.hXX# .
..#.#[.#.#..@X#
...## . #...#h#
# .#.
#....##.## .#
.#.#### ###.#
#. # # . .#..
.# . #..# . ..#
. .. #..####
... ## .. .. #.
. .# .# ## # .
.. # .


You could see 4 starcursed masses and 3 raiju.

Vanquished Creatures
  Grinder (D:4)
  A phantom (D:4)
  2 hounds (D:4)
  A jelly (D:4)
  2 iguanas (D:4)
  Ijyb (D:3)
  An orc wizard (D:3)
  Robin (D:2)
  3 gnolls
  4 adders
  A shadow imp (D:3)
  A worm (D:2)
  6 dart slugs
  6 orcs
  7 ball pythons
  3 bats
  4 endoplasms
  4 giant cockroaches
  23 goblins
  8 hobgoblins
  5 jackals
  10 kobolds
  5 quokkas
  6 frilled lizards (D:3)
  4 rats
110 creatures vanquished.

Vanquished Creatures (others)
  A fungus (D:4)
  15 plants
16 creatures vanquished.

Grand Total: 126 creatures vanquished

Notes
Turn   | Place    | Note
-------+----------+-------------------------------------------
     0 | D:1      | grumblor the Deep Dwarf Berserker began the quest for the
                  | Orb.
     0 | D:1      | Reached XP level 1. HP: 20/20 MP: 1/1
   107 | D:1      | Reached XP level 2. HP: 16/27 MP: 2/2
   313 | D:1      | Reached XP level 3. HP: 12/34 MP: 3/3
   314 | D:1      | Reached skill level 4 in Axes
   576 | D:1      | Found a faded altar of an unknown god.
  1241 | D:2      | Reached ** piety under Trog
  1403 | D:2      | Noticed Robin
  1418 | D:2      | Reached XP level 4. HP: 12/42 MP: 4/4
  1611 | D:2      | Killed Robin
  2196 | D:3      | Found a glowing golden altar of the Shining One.
  2207 | D:3      | Noticed Ijyb
  2246 | D:3      | Killed Ijyb
  2247 | D:3      | Reached skill level 5 in Axes
  2247 | D:3      | Reached XP level 5. HP: 38/49 MP: 5/5
  2329 | D:3      | Found a burning altar of Makhleb.
  2346 | D:3      | Found a shimmering blue altar of Sif Muna.
  2545 | D:3      | Found an iron altar of Okawaru.
  3170 | D:4      | Noticed Grinder
  3179 | D:4      | Killed Grinder
  3180 | D:4      | Reached skill level 6 in Axes
  3180 | D:4      | Reached XP level 6. HP: 37/57 MP: 6/6
  3242 | D:4      | Reached *** piety under Trog
  3351 | D:4      | Found an ornate altar of the Wu Jian Council.
  3422 | D:4      | Found a stormy altar of Qazlal.
  3468 | D:4      | Found a staircase to the Ecumenical Temple.
  3479 | D:4      | Found a runed translucent door.
  3480 | D:4      | Noticed Crazy Yiuf
  3506 | D:4      | Reached XP level 7. HP: 42/64 MP: 7/7
  3887 | D:4      | Cast into level 1 of the Abyss (Crazy Yiuf)
  3929 | Abyss:1  | Noticed a starcursed mass
  3939 | Abyss:1  | Noticed a raiju
  3942 | Abyss:1  | Noticed a raiju
  3948 | Abyss:1  | Noticed a raiju
  3953 | Abyss:1  | HP: 3/64 [starcursed mass/accursed screaming (8)]
  3954 | Abyss:1  | Killed from afar by a raiju

Illustrated notes

Levels and vault maps discovered:
D:1:      nicolae_arrival_washed_ashore, layout_basic,
          shapermc_ecumenical_altar_petra
D:2:      layout_basic, chequers_big_river, chequers_arboretum, minivault_25,
          mrwooster_statue_mirror, minmay_statues_item, minmay_misc_feat_tiny,
          uniq_robin
D:3:      layout_rooms, okawaru_altar_gauntlet_db, lemuel_round_altar,
          mainiacjoe_overflow_catwalk_spiral, minivault_4, st_stairs_8,
          lexackson_kobold_supper, uniq_ijyb
D:4:      layout_loops_ring, mainiacjoe_overflow_big_doors,
          minmay_temple_entry_waves, glass_columns_b, minmay_checkerbox,
          uniq_crazy_yiuf_cottage, uniq_grinder
Abyss:1:  base:
D:1

Skill      XL: |  1  2  3  4  5  6  7 |
---------------+----------------------+-----
Fighting       | 3 4 |  4.2
Axes           | 4 5 6 |  6.7
Armour         | 3 4 |  4.0
Dodging        | 3 |  3.3
Evocations     | 2 3 |  3.0
Throwing       | |  0.4

Action                   |  1- 3 |  4- 6 |  7- 9 || total
-------------------------+-------+-------+-------++-------
Melee: Hand axe          |   137 |   325 |    58 ||   520
Throw: Dart              |       |       |     5 ||     5
Invok: Trog's Hand       |       |     5 |     2 ||     7
       Berserk           |       |       |     1 ||     1
 Abil: Heal Wounds       |       |     1 |     1 ||     2
Evoke: Wand              |       |     3 |       ||     3
  Use: Scroll            |     2 |     4 |       ||     6
Armor: Animal skin       |     5 |       |       ||     5
       Ring mail         |    42 |    55 |       ||    97
       Scale mail        |       |    43 |       ||    43
       Chain mail        |       |     7 |    20 ||    27
Dodge: Dodged            |    98 |   135 |    15 ||   248

Table legend: (Time is in decaauts)
 A = Elapsed time spent in this place.
 B = Non-inter-level travel time spent in this place.
 C = Inter-level travel time spent in this place.
 D = Time resting spent in this place.
 E = Time spent auto-exploring this place.
 F = Levels seen in this place.
 G = Mean time per level.
                   A        B        C        D        E       F      G
               +--------+--------+--------+--------+--------+-----+--------+
         Total |   3984 |   3827 |    157 |      0 |   2767 |   5 |  796.8 |
       Dungeon |   3923 |   3766 |    157 |      0 |   2728 |   4 |  980.8 |
         Abyss |     60 |     60 |      0 |      0 |     39 |   1 |   60.0 |
               +--------+--------+--------+--------+--------+-----+--------+

Top non-repeatable levels by time:
     D:1: 1168 daAuts
     D:2: 969 daAuts
     D:3: 907 daAuts
     D:4: 878 daAuts
 Abyss:1: 60 daAuts
